 Dungeon Crawl Stone Soup version 0.22.1-1-ga44c0e56f4 (webtiles) character file.

17147 Eralyen the Basher (level 12, -14/115 HPs)
             Began as a Gargoyle Berserker on Oct 3, 2018.
             Was a High Priest of Trog.
             Demolished by a titanic slime creature (62 damage)
             ... on level 13 of the Dungeon.
             The game lasted 01:05:28 (13348 turns).

Eralyen the Basher (Gargoyle Berserker)            Turns: 13348, Time: 01:05:29

Health: -14/115    AC: 28    Str: 26    XL:     12   Next: 44%
Magic:  0/21       EV:  2    Int:  8    God:    Trog [*****.]
Gold:   680        SH:  0    Dex:  9    Spells: 11/11 levels left

rFire    . . .     SeeInvis .   a - +10 dark maul {crush}
rCold    . . .     Gourm    .   (shield currently unavailable)
rNeg     + + +     Faith    .   (armour currently unavailable)
rPois    ∞         Spirit   +   (helmet currently unavailable)
rElec    .         Reflect  .   (cloak currently unavailable)
rCorr    .         Harm     .   (gloves currently unavailable)
MR       .....     NoTele   +   (boots currently unavailable)
Stlth    +.........             R - amulet of guardian spirit
HPRegen  0.29/turn              x - ring of magical power
MPRegen  0.17/turn              G - +2 ring of protection

@: tree-form
A: negative energy resistance 1, petrification resistance, rot immunity, AC +8
a: Berserk, Trog's Hand, Brothers in Arms, Renounce Religion


You were on level 13 of the Dungeon.
You worshipped Trog.
Trog was extremely pleased with you.
You were very hungry.
You were a tree.
You visited 1 branch of the dungeon, and saw 13 of its levels.

You collected 680 gold pieces.

Inventory:

Hand Weapons
 a - the +10 dark maul (weapon) {crush}
   (You found it on level 9 of the Dungeon)

   It inflicts extra damage upon your enemies.
Missiles
 h - 7 poisoned tomahawks
 s - 10 javelins of returning
 z - 14 javelins
 N - 12 tomahawks (quivered)
 T - 7 silver tomahawks
 W - 8 javelins of penetration
 X - a throwing net
Armour
 f - a +1 cloak (melded)
 B - a +0 pair of boots (melded)
 D - a +0 helmet (melded)
 M - a +2 plate armour of poison resistance (melded)
Jewellery
 i - an uncursed ring of protection from cold
 v - an uncursed ring of protection from fire
 x - a ring of magical power (left branch)
 G - a +2 ring of protection (right branch)
 R - an amulet of guardian spirit (around neck)
Wands
 b - a wand of polymorph (22)
 p - a wand of disintegration (21)
 A - a wand of flame (19)
 C - a wand of enslavement (11)
 I - a wand of scattershot (16)
 O - a wand of iceblast (14)
 Z - a wand of digging (8)
Scrolls
 d - 3 scrolls of magic mapping
 e - 4 scrolls of teleportation
 g - a scroll of identify
 m - a scroll of enchant weapon
 y - 5 scrolls of remove curse
 E - 2 scrolls of immolation {unknown}
 F - a scroll of enchant armour {unknown}
 H - a scroll of fear {unknown}
 J - a scroll of holy word {unknown}
 U - a scroll of torment {unknown}
Potions
 j - 2 potions of degeneration
 k - a potion of lignification
 l - 2 potions of heal wounds
 n - 3 potions of haste
 o - 3 potions of invisibility
 q - 2 potions of mutation
 t - 4 potions of curing
 u - 2 potions of berserk rage
 w - 2 potions of agility {unknown}
 K - a potion of cancellation {unknown}
 L - a potion of ambrosia {unknown}
 P - a potion of flight {unknown}
 Q - 2 potions of brilliance
Comestibles
 c - 15 rations


   Skills:
 + Level 10.0 Fighting
 * Level 14.5 Maces & Flails
 + Level 5.9 Throwing
 + Level 9.3 Armour
 - Level 1.6 Dodging


You had 11 spell levels left.
You didn't know any spells.
Your spell library was empty.

Dungeon Overview and Level Annotations

Branches:
Dungeon (13/15)            Temple (0/1) D:5            Lair (0/6) D:8
    Orc (0/2) D:9
 Vaults: D:13-14

Altars:
Ashenzari
Cheibriados
Fedhas
Hepliaklqana
Makhleb
Nemelex Xobeh
Qazlal
Ru
Sif Muna
Vehumet
Xom
Yredelemnul
Zin
The Shining One

Annotations:
D:9 exclusion: ice statue


Innate Abilities, Weirdness & Mutations

You are resistant to torment.
((Your stone body is resilient. (AC +8)))
You are immune to poison.
You resist negative energy. (rN+)
((You are resistant to electric shocks. (rElec)))
((You can survive without breathing.))
You are immune to petrification.
You are immune to rotting.


Message History

You beat the very large slime creature like a drum!!!
The very large slime creature is heavily wounded.
Two slime creatures merge to form an enormous slime creature.
You hear the brisk ticking of a very distant clock.
Why would you want to do that?
You turn into a tree.
Your +1 cloak melds into your body.
Your +0 helmet melds into your body.
Your +0 pair of boots melds into your body.
Your +2 plate armour of poison resistance melds into your body.
Your roots penetrate the ground.
The enormous slime creature hits you but does no damage.
You bludgeon the enormous slime creature!!
The enormous slime creature is moderately wounded.
The enormous slime creature hits you!!!
Two slime creatures merge to form a titanic slime creature.
You flatten the titanic slime creature like a pancake!!!!
The titanic slime creature is heavily wounded.
The titanic slime creature hits you!! The titanic slime creature hits you!!!
Ouch! That really hurt!
You die...

#.# #########.#
#....J....#
#.######### #J#
#.# #.#
#.##########
#......J♣..#
##########.#
###############.#
#...............#
#.###############
#.# #.# #.# #.#


You could see a titanic slime creature.

Vanquished Creatures
  Harold (D:7)
  Erica (D:8)
  2 two-headed ogres
  A deep elf mage (D:12)
  An ugly thing (D:12)
  A manticore (D:11)
  2 cyclopes (D:11)
  Joseph (D:7)
  A gargoyle (D:11)
  The ghost of Woms the Skirmisher, an amateur TrFi (D:4)
  A komodo dragon (D:12)
  A kobold demonologist (D:11)
  A merfolk (D:11)
  3 trolls
  A hornet (D:11)
  2 hippogriffs
  A slime creature (D:7)
  3 hungry ghosts
  11 yaks
  Grum (D:12)
  A basilisk (D:8)
  A steam dragon (D:10)
  A soldier ant (D:11)
  A water moccasin (D:8)
  3 orc warriors
  A necrophage (D:9)
  2 sky beasts
  4 phantoms
  4 ice beasts
  5 ogres
  3 wolves (D:9)
  6 centaurs
  6 big kobolds
  A crocodile (D:8)
  6 bullfrogs
  2 wyvern zombies
  A water moccasin zombie (D:9)
  10 scorpions
  18 killer bees
  An electric eel (D:10)
  3 howler monkeys
  7 crimson imps
  A centaur zombie (D:7)
  A quasit (D:7)
  A bullfrog zombie (D:13)
  6 orc priests
  A bullfrog skeleton (D:10)
  14 hounds
  4 jellies
  11 orc wizards
  5 iguanas
  A centaur skeleton (D:9)
  Natasha (thrice) (D:2)
  8 worker ants
  A killer bee zombie (D:7)
  A hound skeleton (D:11)
  A hound zombie (D:8)
  A worker ant zombie (D:9)
  8 gnolls (D:8)
  13 adders
  2 shadow imps
  6 oozes
  3 adder skeletons
  2 worms
  2 dart slugs (D:2)
  7 leopard geckos
  39 orcs
  7 bats
  2 giant cockroaches
  7 goblins
  8 hobgoblins
  16 jackals
  5 quokkas
  3 ball pythons
  4 frilled lizards
  21 kobolds
  2 quokka skeletons
  8 rats
349 creatures vanquished.

Vanquished Creatures (others)
  An orc wizard (D:2)
  11 toadstools (D:7)
12 creatures vanquished.

Grand Total: 361 creatures vanquished

Notes
Turn   | Place    | Note
-------+----------+-------------------------------------------
     0 | D:1      | Eralyen the Gargoyle Berserker began the quest for the Orb.
     0 | D:1      | Reached XP level 1. HP: 14/14 MP: 1/1
   354 | D:1      | Reached XP level 2. HP: 19/19 MP: 2/2
   705 | D:1      | Reached XP level 3. HP: 24/24 MP: 3/3
   915 | D:1      | Reached ** piety under Trog
  1081 | D:2      | Noticed Natasha
  1089 | D:2      | Killed Natasha
  1089 | D:2      | Reached skill level 4 in Maces & Flails
  1089 | D:2      | Reached XP level 4. HP: 21/29 MP: 4/4
  1250 | D:2      | Noticed Natasha
  1263 | D:2      | Killed Natasha
  1444 | D:2      | Noticed Natasha
  1452 | D:2      | Killed Natasha
  1452 | D:2      | Reached XP level 5. HP: 33/34 MP: 5/5
  1571 | D:2      | Found a basalt altar of Yredelemnul.
  1713 | D:2      | Reached skill level 5 in Maces & Flails
  2181 | D:3      | Found a deep blue altar of Sif Muna.
  2367 | D:3      | Reached XP level 6. HP: 39/39 MP: 6/6
  2469 | D:3      | Found a shattered altar of Ashenzari.
  2684 | D:3      | Found a blossoming altar of Fedhas.
  2964 | D:4      | Found a radiant altar of Vehumet.
  2973 | D:4      | Found a sparkling altar of Nemelex Xobeh.
  2993 | D:4      | Found a snail-covered altar of Cheibriados.
  3024 | D:4      | Reached *** piety under Trog
  3155 | D:4      | HP: 1/39 [ogre/giant club (24)]
  3202 | D:5      | Entered Level 5 of the Dungeon
  3606 | D:5      | Found a staircase to the Ecumenical Temple.
  3790 | D:5      | Reached skill level 5 in Fighting
  3790 | D:5      | Reached XP level 7. HP: 43/44 MP: 7/7
  3835 | D:5      | Reached skill level 6 in Maces & Flails
  4411 | D:4      | Reached skill level 7 in Maces & Flails
  4415 | D:4      | Reached XP level 8. HP: 51/51 MP: 8/8
  4523 | D:4      | Found a transporter.
  4527 | D:4      | Noticed Woms's ghost (amateur TrFi)
  4532 | D:4      | Found a transporter.
  4589 | D:4      | Reached skill level 5 in Armour
  4930 | D:4      | Found a stormy altar of Qazlal.
  4939 | D:4      | Found a sacrificial altar of Ru.
  5273 | D:6      | Reached skill level 8 in Maces & Flails
  5598 | D:6      | Found a shimmering altar of Xom.
  5609 | D:6      | Reached **** piety under Trog
  5626 | D:6      | Received a gift from Trog
  5988 | D:6      | Reached XP level 9. HP: 56/56 MP: 9/9
  6255 | D:7      | Reached skill level 9 in Maces & Flails
  6255 | D:7      | Reached skill level 1 in Throwing
  6721 | D:7      | Noticed Joseph
  6740 | D:7      | Killed Joseph
  7080 | D:7      | Noticed Harold
  7096 | D:7      | Killed Harold
  7163 | D:7      | Reached XP level 10. HP: 63/63 MP: 10/10
  7278 | D:7      | Reached skill level 10 in Maces & Flails
  7536 | D:7      | Received a gift from Trog
  7619 | D:7      | Reached skill level 5 in Throwing
  7899 | D:7      | Received a gift from Trog
  8366 | D:8      | Noticed Erica
  8391 | D:8      | Killed Erica
  8469 | D:8      | Reached skill level 11 in Maces & Flails
  8543 | D:8      | Found a staircase to the Lair.
  8892 | D:8      | Found a blossoming altar of Fedhas.
  8900 | D:8      | Received a gift from Trog
  8907 | D:8      | Found a glowing silver altar of Zin.
  9529 | D:4      | Killed Woms's ghost
  9800 | D:9      | Reached XP level 11. HP: 69/69 MP: 11/11
  9848 | D:9      | Noticed a two-headed ogre
  9854 | D:9      | Killed a two-headed ogre
  9921 | D:9      | Found a hazy altar of Hepliaklqana.
  9987 | D:9      | Found a staircase to the Orcish Mines.
 10395 | D:9      | Found a glowing golden altar of the Shining One.
 10438 | D:9      | Found the +10 dark maul {crush}
 10476 | D:9      | Received a gift from Trog
 10520 | D:9      | Found a burning altar of Makhleb.
 10521 | D:9      | Reached ***** piety under Trog
 10847 | D:10     | Entered Level 10 of the Dungeon
 11082 | D:10     | Reached skill level 12 in Maces & Flails
 11311 | D:10     | Received a gift from Trog
 11764 | D:11     | Noticed a manticore
 11771 | D:11     | Killed a manticore
 11824 | D:11     | Noticed a cyclops
 11840 | D:11     | Killed a cyclops
 11938 | D:11     | Reached skill level 13 in Maces & Flails
 11983 | D:11     | Noticed a sun demon
 12063 | D:11     | Found a glowing golden altar of the Shining One.
 12071 | D:11     | Received a gift from Trog
 12071 | D:11     | Reached XP level 12. HP: 77/77 MP: 12/12
 12598 | D:12     | Reached skill level 14 in Maces & Flails
 12770 | D:12     | Received a gift from Trog
 12781 | D:12     | Noticed Grum
 12795 | D:12     | Killed Grum
 12803 | D:12     | Reached skill level 10 in Fighting
 12891 | D:12     | Noticed a two-headed ogre
 12897 | D:12     | Killed a two-headed ogre
 13348 | D:13     | Demolished by a titanic slime creature

Skill      XL: |  1  2  3  4  5  6  7  8  9 10 11 12 |
---------------+-------------------------------------+-----
Fighting       | 4 5 6 7 8 9 10 | 10.0
Maces & Flails | 4 5 7 8 9 11 13 14 | 14.5
Armour         | 3 4 5 7 8 9 |  9.3
Throwing       | 4 5 |  5.9
Dodging        | |  1.6

Action                   |  1- 3 |  4- 6 |  7- 9 | 10-12 || total
-------------------------+-------+-------+-------+-------++-------
Melee: Mace              |   117 |   294 |   410 |   591 ||  1412
       Maul              |       |       |       |   213 ||   213
Throw: Tomahawk          |       |       |    21 |    35 ||    56
       Javelin           |       |       |    14 |     8 ||    22
Invok: Trog's Hand       |       |       |     3 |     3 ||     6
       Berserk           |       |       |     2 |     1 ||     3
  Use: Scroll            |       |       |     9 |    11 ||    20
       Potion            |       |       |       |     1 ||     1
  Eat: Chunk             |     1 |     8 |    12 |    23 ||    44
       Ration            |       |       |     1 |     1 ||     2
Armor: Scale mail        |     2 |       |       |       ||     2
       Chain mail        |    73 |   176 |   244 |       ||   493
       Plate armour      |       |       |    23 |   732 ||   755
       Skin              |       |       |       |     1 ||     1
Dodge: Dodged            |    51 |   130 |   130 |   400 ||   711
